 Dungeon Crawl Stone Soup version 0.31-a0-523-g071a6c1ffa (console) character file.

Game seed: 18315010897555393362

73 Lexodia the Sneak (level 4, 0/30 HPs)
             Began as a Vampire Enchanter on Aug 11, 2023.
             Slain by a gnoll
             ... wielding a +0 spear
              (5 damage)
             ... on level 3 of the Dungeon.
             The game lasted 00:06:54 (2356 turns).

Lexodia the Sneak (Vampire Enchanter)               Turns: 2356, Time: 00:06:55

Health: 0/30       AC:  2    Str:  5 (7)  XL:     4   Next: 8%
Magic:  0/7        EV: 12    Int: 15 (17) God:
Gold:   141        SH:  0    Dex: 14 (16) Spells: 3/8 levels left

rFire   . . .        k - +2 dagger (freeze)
rCold   . . .        (no shield)
rNeg    . . .        b - +0 robe
rPois   .            (no helmet)
rElec   .            (no cloak)
rCorr   .            (no gloves)
SInv    +            (no boots)
Will    .....        q - amulet of guardian spirit
Stlth   +++          p - ring of flight
HPRegen 0.45/turn    (no ring)
MPRegen 0.10/turn

%: guardian spirit
@: mighty, lethally poisoned (0 -> -15), flying, healing quickly
A: alive, fangs 3, see invisible, vampiric 2
a: Exsanguinate


You were on level 3 of the Dungeon.
You visited 1 branch of the dungeon, and saw 4 of its levels.

You collected 141 gold pieces.

Inventory:

Hand Weapons
 k - a +2 dagger of freezing (weapon)
Missiles
 r - 4 poisoned darts
Armour
 b - a +0 robe (worn)
Magical Staves
 g - a staff of conjuration
 h - a staff of cold
Jewellery
 p - a ring of flight (left hand)
 q - an amulet of guardian spirit (around neck)
Wands
 o - a wand of quicksilver (4)
Scrolls
 d - a scroll of revelation {unknown}
 f - a scroll of vulnerability {unknown}
 l - a scroll of brand weapon {unknown}
 m - a scroll of identify {unknown}
 t - a scroll of amnesia {unknown}
Potions
 c - 3 potions of invisibility
 e - a potion of degeneration
 n - a potion of heal wounds
 s - a potion of mutation {unknown}


   Skills:
 * Level 2.8 Short Blades
 - Level 2.1 Dodging
 + Level 5.2 Stealth
 + Level 2.5 Spellcasting
 - Level 5.0 Hexes
 + Level 0.3 Ice Magic


You had 3 spell levels left.
You knew the following spells:

 Your Spells              Type           Power      Damage    Failure   Level
a - Ensorcelled Hibernat  Hex/Ice        18%        N/A       11%         2
b - Confusing Touch       Hex            16%        N/A       9%          3

Your spell library contained the following spells:

 Spells                   Type           Power      Damage    Failure   Level
 Tukima's Dance           Hex            16%        N/A       9%          3
 Dazzling Flash           Conj/Hex       18%        N/A       22%         3


Dungeon Overview and Level Annotations

Branches:
Dungeon (4/15)
 Temple: D:4-7

Altars:
Fedhas
Vehumet


Innate Abilities, Weirdness & Mutations

Your natural rate of healing is accelerated.
You have razor-sharp teeth.
You have supernaturally acute eyesight. (SInv)
You are afflicted with vampirism and can become a bat while bloodless.


Message History

It was a potion of might.
You feel very mighty all of a sudden.
* * * LOW HITPOINT WARNING * * *
You feel sick.
The endoplasm quivers.
Huge Dmg: -6%(-2hp) hp: 14%(4hp) It was a potion of curing.
You feel better.
You are too injured to fight recklessly!
You are too injured to fight recklessly!
You hit the endoplasm. You freeze the endoplasm.
You kill the endoplasm!
You start resting.
You feel a little less clever now.
You can't go down here!
You start resting.
HP restored.
You fly upwards.
The gnoll hits you from afar with a +1 halberd of venom.
You are poisoned.
There is a stone staircase leading down here.
Damage: -6%(-2hp) hp: 94%(28hp)
You feel very sick.
The gnoll hits you from afar with a +0 spear!
The gnoll barely misses you.
Huge Dmg: -30%(-9hp) hp: 64%(19hp)
You barely miss the gnoll.
You feel sick.
The gnoll hits you from afar with a +0 spear.
The gnoll hits you with a +1 halberd of venom!
You are lethally poisoned!
Huge Dmg: -30%(-9hp) hp: 34%(10hp)
Casting: Ensorcelled Hibernation (safe; 11% risk of failure)
Confirm with . or Enter, or press ? or * to list all spells.
Aiming: Ensorcelled Hibernation (safe; 11% risk of failure)
Press: ? - help, Shift-Dir - straight line, f - gnoll
Aim: a gnoll, wielding a +1 halberd of venom (chance to affect: 51%)
The gnoll looks drowsy...
* * * LOW HITPOINT WARNING * * *
You feel very sick.
The gnoll hits you from afar with a +0 spear.
You die...

### ###########8###
#######.........'._⌠#
#....##.######..'._⌠# ###
#........##...####### .g.
##.....##.##...#### .g.
................>.# #g#
##.......[##...#@.# #g######
##....###........g# #.#....#
.#....##......##g## #.#.##.#
.#....##......##.#######.#.##.#
.#######............g)...#.##.#
.## #......##.#########.##.#
..# #......##...)......<##.#
..## #..........#######.###.#
...## #......##.## #.# #.#


You could see 2 gnolls.

Vanquished Creatures
  An adder (D:2)
  A gnoll (D:3)
  2 dart slugs (D:1)
  An orc (D:2)
  7 ball pythons
  7 endoplasms
  2 giant cockroaches
  A goblin (D:2)
  2 hobgoblins
  7 kobolds
  5 quokkas
  4 bats
  3 frilled lizards (D:2)
  4 rats
47 creatures vanquished.

Notes
Turn   | Place    | Note
-------+----------+-------------------------------------------
     0 | D:1      | Lexodia the Vampire Enchanter began the quest for the Orb.
     0 | D:1      | Reached XP level 1. HP: 13/13 MP: 3/3
   151 | D:1      | Huge Dmg: 5 dmg
   183 | D:1      | Reached XP level 2. HP: 19/19 MP: 5/5
   186 | D:1      | Learned a level 2 spell: Ensorcelled Hibernation
   645 | D:1      | Huge Dmg: 5 dmg
   649 | D:1      | Huge Dmg: 4 dmg
  1105 | D:2      | Gained mutation: You are afflicted with vampirism and can
                  | become a bat while bloodless. [Vampire growth]
  1105 | D:2      | Reached XP level 3. HP: 24/24 MP: 3/6
  1250 | D:2      | Reached skill level 5 in Stealth
  1258 | D:2      | Learned a level 3 spell: Confusing Touch
  1406 | D:2      | Found a faded altar of an unknown god.
  1919 | D:3      | Reached skill level 5 in Hexes
  2129 | D:3      | Found a radiant altar of Vehumet.
  2129 | D:3      | Found a blossoming altar of Fedhas.
  2294 | D:3      | Huge Dmg: 10 dmg
  2295 | D:3      | Reached XP level 4. HP: 6/30 MP: 0/7
  2295 | D:3      | Huge Dmg: 8 dmg
  2296 | D:3      | Huge Dmg: 4 dmg
  2307 | D:4      | Huge Dmg: 8 dmg
  2308 | D:4      | Huge Dmg: 2 dmg
  2309 | D:4      | Huge Dmg: 2 dmg
  2355 | D:3      | Huge Dmg: 9 dmg
  2356 | D:3      | Huge Dmg: 9 dmg
  2356 | D:3      | Slain by a gnoll

Illustrated notes

Levels and vault maps discovered:
D:1:      dpeg_arrival_signposts, layout_basic
D:2:      layout_basic, dreamdust_ecumenical_altar_grove, dk_noncrumbling_2,
          serial_park_tiny_1
D:3:      layout_basic, gammafunk_temple_overflow_wave
D:4:      layout_basic, lemuel_tele_altar, minmay_fractal_squares_5, uniq_pikel

Skill      XL: |  1  2  3 |
---------------+----------+-----
Short Blades   | 2 |  2.8
Stealth        | 5 |  5.2
Hexes          | 5 |  5.0
Dodging        | |  2.1
Spellcasting   | |  2.5
Ice Magic      | |  0.3

Action                     |  1- 3 |  4- 6 || total
---------------------------+-------+-------++-------
  Melee: Dagger            |    85 |     2 ||    87
         Bite              |     6 |       ||     6
   Cast: Ensorcelled Hiber |    24 |     1 ||    25
    Use: Potion            |       |     5 ||     5
   Stab: Sleeping          |    23 |       ||    23
 Armour: Robe              |     8 |       ||     8
  Dodge: Dodged            |    53 |     3 ||    56

Table legend: (Time is in decaauts)
 A = Elapsed time spent in this place.
 B = Non-inter-level travel time spent in this place.
 C = Inter-level travel time spent in this place.
 D = Time resting spent in this place.
 E = Time spent auto-exploring this place.
 F = Levels seen in this place.
 G = Mean time per level.
                   A        B        C        D        E       F      G
               +--------+--------+--------+--------+--------+-----+--------+
         Total |   2344 |   2290 |     54 |     55 |   1842 |   4 |  586.0 |
       Dungeon |   2344 |   2290 |     54 |     55 |   1842 |   4 |  586.0 |
               +--------+--------+--------+--------+--------+-----+--------+

Top non-repeatable levels by time:
     D:1: 1022 daAuts
     D:2: 869 daAuts
     D:3: 406 daAuts
     D:4: 46 daAuts
